General information
- name: BNet
- type: Ladder team game (AT/RT)
- host: Battle.net
- saver: Ze.Rath3isaFaig
map: Battleground
- players: 8
- length: 10:34
- speed: Fast
- version: 1.22 W3XP
- replay type: Public
» download(55 KB)
Players
team 1 (loser)
CuteBiBoy (
blue | 164 APM | 755 actions | 04:35)
1 Death Knight
1 Death Coil
» actions
| Assign group hotkey | 18 | |
| Basic commands | 127 | |
| Build / train | 20 | |
| Enter build submenu | 9 | |
| Enter hero's abilities submenu | 1 | |
| Right click | 143 | |
| Select / deselect | 47 | |
| Select group hotkey | 364 | |
| Use ability | 26 | |
755 total
» units
| Acolyte | 2 | |
| Ghoul | 1 | |
| Crypt Fiend | 6 | |
9 total
» buildings
| Crypt | 1 | |
| Graveyard | 1 | |
| Altar of Darkness | 1 | |
| Ziggurat | 2 | |
| Tomb of Relics | 1 | |
| Halls of the Dead | 3 | |
9 total
» build order
00:07 Crypt
00:22 Graveyard
00:44 Altar of Darkness
01:02 Ziggurat
01:36 Tomb of Relics
01:49 Ziggurat
04:13 Halls of the Dead
04:14 Halls of the Dead
04:14 Halls of the Dead
» items

»
tortangtalongi (
yellow | 23 APM | 248 actions | 10:34)
1 Mountain King
1 Thunder Clap
» actions
| Assign group hotkey | 3 | |
| Basic commands | 12 | |
| Build / train | 13 | |
| Enter build submenu | 6 | |
| Enter hero's abilities submenu | 1 | |
| Right click | 97 | |
| Select / deselect | 99 | |
| Select group hotkey | 4 | |
| Use ability | 13 | |
248 total
» units
» buildings
| Altar of Kings | 1 | |
| Farm | 4 | |
| Barracks | 1 | |
6 total
» build order
01:42 Altar of Kings
01:46 Farm
01:48 Farm
02:03 Barracks
03:28 Farm
03:30 Farm
Orc_Hard (
pink | 44 APM | 205 actions | 04:37)
1 Blademaster
1 Wind Walk
» actions
| Assign group hotkey | 3 | |
| Basic commands | 10 | |
| Build / train | 16 | |
| Enter build submenu | 7 | |
| Enter hero's abilities submenu | 1 | |
| Right click | 40 | |
| Select / deselect | 49 | |
| Select group hotkey | 69 | |
| Use ability | 10 | |
205 total
» units
» buildings
| Altar of Storms | 1 | |
| Orc Burrow | 3 | |
| Barracks | 1 | |
| Voodoo Lounge | 1 | |
6 total
» build order
00:12 Altar of Storms
00:22 Orc Burrow
01:06 Barracks
01:21 Orc Burrow
02:45 Orc Burrow
03:42 Voodoo Lounge
» items
| Staff of Teleportation | 1 | |
| Dust of Appearance | 1 | |
2 total

»
Chips)wG( (
green | 33 APM | 154 actions | 04:43)
1 Shadow Hunter
1 Serpent Ward
» actions
| Assign group hotkey | 1 | |
| Build / train | 12 | |
| Enter build submenu | 9 | |
| Enter hero's abilities submenu | 1 | |
| Remove unit from queue | 1 | |
| Right click | 70 | |
| Select / deselect | 42 | |
| Select group hotkey | 7 | |
| Use ability | 11 | |
154 total
» units
| Peon | 6 | |
| Troll Headhunter/Berserker | 2 | |
8 total
» upgrades
| Ranged Weapons | 0 | |
| Spiked Barricades | 1 | |
1 total
» buildings
| Orc Burrow | 2 | |
| Altar of Storms | 1 | |
| War Mill | 1 | |
| Barracks | 2 | |
| Voodoo Lounge | 1 | |
7 total
» build order
00:05 Orc Burrow
00:09 Altar of Storms
00:40 War Mill
01:09 Orc Burrow
02:09 Barracks
03:46 Voodoo Lounge
04:08 Barracks
team 2 (winner)
Ze.Rath3isaFaig (
orange | 68 APM | 722 actions | 10:34)
4 Death Knight
2 Death Coil
2 Unholy Aura
2 Firelord
1 Summon Lava Spawn
1 Incinerate
» actions
| Assign group hotkey | 14 | |
| Basic commands | 154 | |
| Build / train | 30 | |
| ESC pressed | 1 | |
| Enter build submenu | 8 | |
| Enter hero's abilities submenu | 6 | |
| Remove unit from queue | 2 | |
| Right click | 203 | |
| Select / deselect | 187 | |
| Select group hotkey | 90 | |
| Use ability | 27 | |
722 total
» units
| Acolyte | 2 | |
| Ghoul | 2 | |
| Crypt Fiend | 6 | |
| Forest Troll Shadow Priest | 1 | |
| Forest Troll Berserker | 1 | |
12 total
» upgrades
» buildings
| Graveyard | 1 | |
| Crypt | 1 | |
| Altar of Darkness | 1 | |
| Ziggurat | 4 | |
| Tomb of Relics | 1 | |
| Nerubian Tower | 1 | |
| Halls of the Dead | 2 | |
| Black Citadel | 1 | |
12 total
» build order
00:21 Graveyard
00:32 Crypt
00:48 Altar of Darkness
00:59 Ziggurat
01:14 Tomb of Relics
01:33 Ziggurat
02:01 Nerubian Tower
03:36 Halls of the Dead
03:36 Halls of the Dead
04:19 Ziggurat
05:31 Ziggurat
07:25 Black Citadel
» items

»
dunedaniel (
purple | 24 APM | 258 actions | 10:34)
2 Blademaster
1 Wind Walk
1 Critical Strike
» actions
| Basic commands | 1 | |
| Build / train | 50 | |
| Enter build submenu | 10 | |
| Enter hero's abilities submenu | 2 | |
| Remove unit from queue | 4 | |
| Right click | 67 | |
| Select / deselect | 96 | |
| Use ability | 28 | |
258 total
» units
» upgrades
| Pillage | 1 | |
| Spiked Barricades | 2 | |
| Armor | 3 | |
| Melee Weapons | 3 | |
| Berserker Strength | 1 | |
10 total
» buildings
| Altar of Storms | 1 | |
| Orc Burrow | 4 | |
| War Mill | 1 | |
| Barracks | 1 | |
| Voodoo Lounge | 2 | |
| Stronghold | 1 | |
| Fortress | 1 | |
11 total
» build order
00:10 Altar of Storms
00:25 Orc Burrow
00:55 War Mill
01:21 Barracks
01:52 Orc Burrow
03:44 Voodoo Lounge
03:47 Voodoo Lounge
04:06 Orc Burrow
04:15 Stronghold
05:33 Orc Burrow
06:41 Fortress
» items
| Healing Salve | 2 | |
| Lesser Clarity Potion | 1 | |
3 total

»
Frightener (
teal | 39 APM | 410 actions | 10:34)
3 Priestess of the Moon
2 Trueshot Aura
1 Searing Arrows
» actions
| Basic commands | 9 | |
| Build / train | 33 | |
| Enter build submenu | 12 | |
| Enter hero's abilities submenu | 3 | |
| Right click | 218 | |
| Select / deselect | 120 | |
| Use ability | 15 | |
410 total
» units
» upgrades
| Strength of the Moon | 2 | |
| Improved Bows | 1 | |
3 total
» buildings
| Altar of Elders | 1 | |
| Moon Well | 5 | |
| Ancient of War | 2 | |
| Ancient of Wonders | 1 | |
| Hunter's Hall | 1 | |
| Tree of Ages | 1 | |
| Tree of Eternity | 1 | |
12 total
» build order
00:09 Altar of Elders
00:21 Moon Well
00:35 Ancient of War
01:40 Ancient of War
02:04 Moon Well
02:29 Ancient of Wonders
02:38 Moon Well
03:05 Hunter's Hall
05:27 Moon Well
06:05 Tree of Ages
07:13 Moon Well
09:58 Tree of Eternity

»
TheLight (
red | 41 APM | 432 actions | 10:34)
2 Far Seer
1 Feral Spirit
1 Chain Lighting
» actions
| Build / train | 30 | |
| Enter build submenu | 12 | |
| Enter hero's abilities submenu | 2 | |
| Remove unit from queue | 2 | |
| Right click | 233 | |
| Select / deselect | 136 | |
| Use ability | 17 | |
432 total
» units
» upgrades
| Melee Weapons | 2 | |
| Pillage | 1 | |
| Armor | 1 | |
| Berserker Strength | 1 | |
| Shaman Training | 1 | |
| Witch Doctor Training | 1 | |
7 total
» buildings
| Altar of Storms | 1 | |
| Orc Burrow | 4 | |
| Barracks | 1 | |
| War Mill | 1 | |
| Stronghold | 1 | |
| Voodoo Lounge | 1 | |
| Watch Tower | 1 | |
| Great Hall | 1 | |
| Fortress | 1 | |
| Spirit Lodge | 2 | |
14 total
» build order
00:06 Altar of Storms
00:10 Orc Burrow
00:54 Barracks
01:20 Orc Burrow
02:09 War Mill
02:53 Orc Burrow
04:09 Orc Burrow
04:44 Stronghold
05:10 Voodoo Lounge
06:27 Stronghold
07:25 Watch Tower
08:31 Great Hall
08:55 Fortress
09:00 Spirit Lodge
09:02 Spirit Lodge
» items
Chat log
(00:09 / Allies) Ze.Rath3isaFaig: cc a little then we rush
(00:20 / Allies) TheLight: lvl 2 and hit?
(00:23 / Allies) Ze.Rath3isaFaig: yup or 3 maybe
(00:28 / Allies) Ze.Rath3isaFaig: these before we go
(00:36 / All) Ze.Rath3isaFaig: why hello cutebiboy
(00:39 / All) Ze.Rath3isaFaig: welcome back
(00:40 / All) CuteBiBoy: sup
(00:52 / All) CuteBiBoy: thanks i've been playing but just not on this acct
(01:02 / All) Frightener: on uglygayboy?
(01:03 / All) Ze.Rath3isaFaig: nice
(01:07 / All) Frightener: lol jk
(01:09 / All) CuteBiBoy: nah
(01:12 / All) CuteBiBoy: uglybiboy
(01:24 / All) Ze.Rath3isaFaig: so was it Dota that you maphacked like Jack7Daniels?
(01:39 / All) CuteBiBoy: nah ladder games
(01:46 / All) Ze.Rath3isaFaig: oh I see
(02:09 / Allies) Frightener: i trust we have enough melee
(02:13 / Allies) Frightener: cus im massing archers
(02:14 / Allies) Ze.Rath3isaFaig: yes
(02:55 / All) CuteBiBoy: ze you left wsa?
(03:03 / All) Ze.Rath3isaFaig: no I'm still there
(03:06 / All) Ze.Rath3isaFaig: WesFSTGDB is in it
(03:07 / All) CuteBiBoy: o
(03:22 / All) Ze.Rath3isaFaig: i'll be on it later this season
(04:00 / Allies) Ze.Rath3isaFaig: just rape his acos
(04:34 / All) CuteBiBoy: o we got a tker
(04:34 / All) CuteBiBoy: gg
(04:40 / All) Chips)wG(: noob
(04:41 / All) Ze.Rath3isaFaig: rofl
(06:04 / Allies) Ze.Rath3isaFaig: they would've lost anyways
(06:18 / Allies) dunedaniel: w
(07:00 / Allies) TheLight: yum pillage
(07:50 / Allies) Ze.Rath3isaFaig: lol
(08:01 / All) tortangtalongi: ccharrged
(08:05 / All) Ze.Rath3isaFaig: ROFLLLL
(08:10 / Allies) dunedaniel: lol
(08:16 / All) Ze.Rath3isaFaig: i'm posting this replay
(08:17 / All) Ze.Rath3isaFaig: rofl
(08:25 / All) Ze.Rath3isaFaig: this is like Noahs arc